Unix NetHack Version 5.0.0-0 post-release - last build May 23 2026 06:08:33 (1c0ff79ee797540d5714e4e18072db0edd9e58ae,branch:main).

Game began 2026-05-26 10:26:37, ended 2026-05-26 10:41:37.

GdeVolpiano, lawful female human Archeologist

                                                              -------------
                                                              |...........|
                                                              |...........|
                                                              |...........|
    --------                                     -----        |...........|
    |......|                                     |...|  ######............|
    |.......#                                    ....-###     ------.------
    |>.....|#####                                |...|            ###
    |......| ##################             ##B@e..*<|            #
    |).....| #  #   ----------.-----       ##  d -----########## ##
    -----+--##  ####|............|.|     ###   ########       -.-|-
         *###      #-..............|#  ###                    |.{.|
                    |...............####                      |..^|
                    |..............|                          |.*.|
                    ----------------                          |...|
                                                              |...|
                                                              -----

GdeVolpiano the Field Worker  St:9 Dx:12 Co:11 In:18 Wi:16 Ch:10  Lawful
Dlvl:4  $:84 HP:0(30) Pw:13(13) AC:7  Xp:3 T:1632 

Latest messages:
 The boulder falls apart.
 You swap places with Indy.
 You kill the bat!
 The bat bites!
 The bat bites!
 You kill the bat!
 Something is engraved here on the headstone.
 You read: "On vacation".
 The door opens.
 You kill the lichen!
 You see here a runed bow.
 You descend the stairs.
 You climb up the stairs.
 You swap places with Indy.
 With great effort you move the boulder.
 What do you want to use or apply? [aeg-iwx or ?*]
 In what direction do you want to dig? [hykunjb>]
 You start hitting the boulder.
 You hit the boulder with all your might.
 The boulder falls apart.
 You see here 62 rocks.
 You find a hidden door.
 Where do you want to travel to?
 (For instructions type a '?')
 Pick a monster, object or location.
 e        an eye or sphere (floating eye)
 What do you want to use or apply? [aeg-iwx or ?*]
 a - a +2 bullwhip (weapon in left hand).
 e - a +0 pick-axe (alternate weapon; not wielded).
 In what direction?
 You flick your bullwhip towards the floating eye.
 You lash the floating eye.
 You are frozen by the floating eye's gaze!
 Indy misses the floating eye.
 Indy bites the floating eye.
 Indy is frozen by the floating eye's gaze!
 The giant bat bites!
 The giant bat bites!
 The giant bat bites!
 The giant bat bites!
 The giant bat bites!
 The giant bat bites!
 The giant bat bites!
 The giant bat bites!
 The giant bat bites!
 The giant bat bites!
 The giant bat bites!
 The giant bat bites!
 You die...
 Do you want your possessions identified? [ynq] (y)

Inventory:
 Coins    ('$')
  $ - 84 gold pieces
 Weapons  (')')
  a - a +2 bullwhip (weapon in left hand)
  C - a +0 dwarvish short sword
 Armor    ('[')
  c - an uncursed +0 fedora (being worn)
  l - an uncursed +1 orcish helm
  q - an uncursed +0 pair of leather gloves (being worn)
  n - a blessed +0 pair of speed boots (being worn)
  b - an uncursed +0 leather jacket (being worn)
 Comestibles  ('%')
  v - an uncursed cram ration
  d - 5 uncursed food rations
 Scrolls  ('?')
  m - an uncursed scroll of enchant armor
  y - an uncursed scroll of remove curse
 Potions  ('!')
  D - an uncursed potion of blindness
  t - an uncursed potion of extra healing
  z - 2 uncursed potions of healing
  s - 2 cursed potions of healing
 Rings    ('=')
  j - an uncursed ring of fire resistance (on right hand)
  A - a cursed ring of teleportation
 Tools    ('(')
  h - an empty uncursed sack
  w - a cursed magic whistle
  e - a +0 pick-axe (alternate weapon; not wielded)
  x - an uncursed tallow candle
  i - an uncursed tin opener
 Gems/Stones  ('*')
  g - an uncursed touchstone

GdeVolpiano the Archeologist's attributes:

Background:
 You were a Field Worker, a level 3 female human Archeologist.
 You were lawful, nominally on a mission for Quetzalcoatl
 who was opposed by Camaxtli (neutral) and Huhetotl (chaotic).
 You were left-handed.
 You were in the Dungeons of Doom, on level 4.
 You entered the dungeon 1632 turns ago.
 You had 77 experience points, 3 more were needed to attain level 4.

Basics:
 You had 0 out of 30 hit points.
 You had all 13 energy points (spell power).
 Your armor class was 7.
 Your wallet contained 84 zorkmids.
 Autopickup was on for '$?!/="+' plus thrown, with exceptions.

Final Characteristics:
 Your strength was 9 (limit:18/100).
 Your dexterity was 12 (limit:18).
 Your constitution was 11 (limit:18).
 Your intelligence was 18 (limit:18).
 Your wisdom was 16 (limit:18).
 Your charisma was 10 (limit:18).

Final Status:
 You weren't hungry.
 You were unencumbered.
 You were wielding a whip.
 You had basic skill with whip.

Final Attributes:
 You were devoutly aligned.
 You were fire resistant.
 Your items were protected from fire.
 You had automatic searching.
 You were very fast.
 You were lucky.
 You are dead.

Miscellaneous:
 You didn't encounter any bones levels.
 Total elapsed playing time was 14 minutes and 58 seconds.

Major events:
 Turn
    1: GdeVolpiano the lawful female human Archeologist entered the dungeon
 1098: attained the rank of Field Worker (level 3)
 1491: entered the Gnomish Mines
 1632: killed by a giant bat, while frozen by a floating eye's gaze

You didn't know any spells.

Skills:
 Fighting Skills
   bare handed combat [Unskilled]
   two weapon combat  [Unskilled]
   riding             [Unskilled]
 Weapon Skills
   dagger             [Unskilled]
   knife              [Unskilled]
   pick-axe           [Basic]
   short sword        [Unskilled]
   saber              [Unskilled]
   club               [Unskilled]
   quarterstaff       [Unskilled]
   sling              [Unskilled]
   dart               [Unskilled]
   boomerang          [Unskilled]
   whip               [Basic]
   unicorn horn       [Unskilled]
 Spellcasting Skills
   attack spells      [Unskilled]
   healing spells     [Unskilled]
   divination spells  [Unskilled]
   matter spells      [Unskilled]

Voluntary challenges:
 Character rerolling was not enabled.
 You were an atheist.
 You never genocided any monsters.
 You never polymorphed an object.
 You never changed form.
 You used no wishes.
Achievements:
 You entered a shop.
 You attained the rank of Field Worker.
 You entered the Gnomish Mines.

 The Dungeons of Doom: levels 1 to 4
    Level 1:
    Level 2:
       An armor shop.
    Level 3: "tempvault"
    Level 4: <- You were here.
       A fountain, a grave.
       Stairs down to The Gnomish Mines.
       Final resting place for
          you, killed by a giant bat, while frozen by a floating eye's gaze.
 The Gnomish Mines:
    Level 5:


Vanquished creatures:
  a kitten
 an iguana
  a hobbit
  a cave spider
  a yellow mold
  a green mold
  2 garter snakes
  6 jackals
  2 foxes
  2 goblins
  5 grid bugs
  2 bats
  a lichen
  a kobold zombie
  7 newts
34 creatures vanquished.

No species were genocided or became extinct.

Game over:
                       ----------
                      /          \
                     /    REST    \
                    /      IN      \
                   /     PEACE      \
                  /                  \
                  |   GdeVolpiano    |
                  |      84 Au       |
                  |   killed by a    |
                  |    giant bat     |
                  |                  |
                  |                  |
                  |       2026       |
                 *|     *  *  *      | *
        _________)/\\_//(\/(/\)/\//\/|_)_______

Goodbye GdeVolpiano the Archeologist...

You died in The Dungeons of Doom on dungeon level 4 with 584 points,
and 84 pieces of gold, after 1632 moves.
You were level 3 with a maximum of 30 hit points when you died.

